 Dungeon Crawl Stone Soup version 0.32-a0-768-g0f6f1dd4b9 (webtiles) character file.

Game seed: 10004182779361669967

480 Xavori the Trooper (level 7, -4/58 HPs)
             Began as a Djinni Chaos Knight on Mar 19, 2024.
             Was a Plaything of Xom.
             Slain by a gnoll
             ... wielding a +0 flail
              (7 damage)
             ... on level 4 of the Dungeon.
             The game lasted 00:04:11 (5662 turns).

Xavori the Trooper (Djinni Chaos Knight)            Turns: 5662, Time: 00:04:12

Health: -4/58      AC:  5    Str: 20    XL:     7   Next: 34%
Gold:   911        EV: 13    Int: 12    God:    Xom [.....*] SH:  0 Dex: 17

rFire   + + .        a - +0 falchion (chaos)
rCold   x . .        (no shield)
rNeg    . . .        b - +2 leather armour
rPois   ∞            (no helmet)
rElec   .            (no cloak)
rCorr   .            (no gloves)
SInv    .            (boots unavailable)
Will    +....        (no amulet)
Stlth   +            o - +6 ring of strength
HPRegen 0.29/turn    l - ring of willpower
MPRegen 0.00/turn

%: infuse magic (-5 HP)
@: flying
A: sickness immunity, fire resistance 2, cold vulnerability 1, float, innate
caster, HP casting, extra vitality 1, fangs 1, agile 1, sense surroundings 1,
robust 1, strong 1
a: Renounce Religion


You were on level 4 of the Dungeon.
You worshipped Xom.
You were Xom's teddy bear.
You visited 1 branch of the dungeon, and saw 5 of its levels.

You collected 911 gold pieces.

Inventory:

Hand Weapons
 a - a +0 falchion of chaos (weapon)
Armour
 b - a +2 leather armour (worn)
Jewellery
 l - a ring of willpower (right hand)
 o - a +6 ring of strength (left hand)
Wands
 p - a wand of warping (8)
Scrolls
 c - a scroll of butterflies
 d - 4 scrolls of amnesia {unknown}
 e - a scroll of enchant armour {unknown}
 g - 2 scrolls of fog {unknown}
 i - 2 scrolls of identify {unknown}
 j - 3 scrolls of teleportation {unknown}
Potions
 h - a potion of curing {unknown}
 k - a potion of resistance {unknown}
 m - a potion of invisibility {unknown}
 n - 2 potions of lignification {unknown}


   Skills:
 + Level 4.6 Fighting
 + Level 4.2 Long Blades
 + Level 3.5 Armour
 + Level 4.4 Dodging


You knew the following spells:

 Your Spells              Type           Power      Damage    Failure   Level
a - Shock                 Conj/Air       0%         1d3       36%         1
b - Lesser Beckoning      Tloc           0%         N/A       50%         2
c - Hailstorm             Conj/Ice       0%         3d5       75%         3
Your spell library was empty.

Dungeon Overview and Level Annotations

Branches:
Dungeon (5/15)
 Temple: D:4-7

Altars:

Annotations:
D:2 Crazy Yiuf
D:3 2 transporters, olddryhag's ghost, amateur CoAl
D:5 Edmund; Pikel


Innate Abilities, Weirdness & Mutations

You are immune to sickness and miasma.
You are immune to poison.
Your flesh is very heat resistant. (rF++)
You are vulnerable to cold. (rC-)
You float through the air rather than walking.
You learn spells naturally, not from books.
Your magical power is your life essence.
You have superior vitality. (+4 MHP)
You have very sharp teeth.
You are agile. (Dex +4, Str/Int -1)
You passively map a small area around you.
You are robust. (+10% HP)
Your muscles are strong. (Str +4, Int/Dex -1)


Message History

You kill the gnoll!
The gnoll barely misses you.
You barely miss the gnoll. The gnoll hits you with a +0 flail!
The gnoll hits you with a +0 whip.
* * * LOW HITPOINT WARNING * * *
You are too injured to fight recklessly!
You are too injured to fight recklessly!
You hit the gnoll.
The gnoll is poisoned.
The gnoll is lightly wounded.
The gnoll misses you. The gnoll hits you with a +0 whip.
* * * LOW HITPOINT WARNING * * *
The gnoll barely misses you.
You hit the gnoll. You freeze the gnoll. You bite the gnoll.
The gnoll is moderately wounded.
The gnoll hits you with a +0 whip.
* * * LOW HITPOINT WARNING * * *
The gnoll misses you.
You barely miss the gnoll. Your bite misses the gnoll.
The gnoll is moderately wounded.
The gnoll barely misses you. The gnoll completely misses you.
The gnoll attacks as it pursues you! The gnoll hits you with a +0 whip.
* * * LOW HITPOINT WARNING * * *
The gnoll looks more healthy.
You slash the gnoll!
The gnoll seems to slow down.
The gnoll is almost dead.
The gnoll hits you with a +0 whip.
* * * LOW HITPOINT WARNING * * *
You hit the gnoll.
You kill the gnoll!
You hit the gnoll but do no damage.
The gnoll is severely wounded.
The gnoll barely misses you.
You hit the gnoll.
The gnoll is almost dead.
The gnoll hits you with a +0 flail.
* * * LOW HITPOINT WARNING * * *
You barely miss the gnoll.
The gnoll is almost dead.
The gnoll hits you with a +0 flail!
You die...

..........###..........#.#.....#.
........#..#........##...#.......
........#.##..............###....
.......................##........
..#....................##......##
..##...................##......##
.#......##...........#...........
.###.>...#...........##..#.....##
## ##..........g@......####.##.#
###........)#....>## ######
#...#.....##...##
#..##.#...#..### ########..)..#
#......## ###.....# #.....##
#...###


You could see a gnoll.

Vanquished Creatures
  Sigmund (D:3)
  2 lemures
  A scorpion (D:5)
  A bombardier beetle (D:1)
  Jessica (D:3)
  An orc wizard (D:4)
  Natasha (D:3)
  An iguana (D:4)
  2 gnolls (D:4)
  3 adders
  6 dart slugs
  3 ribbon worms
  3 orcs (D:4)
  3 ball pythons
  2 bats (D:3)
  3 endoplasms (D:2)
  A giant cockroach (D:2)
  5 goblins
  7 hobgoblins
  6 jackals (D:2)
  2 quokkas
  5 frilled lizards
  A kobold (D:2)
  5 rats
66 creatures vanquished.

Vanquished Creatures (others)
  A jackal zombie (D:2)
1 creature vanquished.

Grand Total: 67 creatures vanquished

Notes
Turn   | Place    | Note
-------+----------+-------------------------------------------
     0 | D:1      | Xavori the Djinni Chaos Knight began the quest for the Orb.
     0 | D:1      | Reached XP level 1. HP: 20/20 MP: 0/0
   106 | D:1      | an endoplasm changed into a bombardier beetle
   106 | D:1      | Noticed a bombardier beetle
   106 | D:1      | XOM: potion effect (haste)
   113 | D:1      | Killed a bombardier beetle
   114 | D:1      | Reached XP level 2. HP: 25/25 MP: 0/0
   114 | D:1      | Reached XP level 3. HP: 30/30 MP: 0/0
   114 | D:1      | Learned a level 1 spell: Shock
   358 | D:1      | Reached XP level 4. HP: 28/35 MP: 0/0
   403 | D:1      | XOM: cloud trail
  1155 | D:1      | XOM: give mutations
  1155 | D:1      | Gained mutation: Your spells are a little harder to cast,
                  | but a little more powerful. [Xom's mischief]
  1155 | D:1      | Lost mutation: Your spells are a little harder to cast, but
                  | a little more powerful. [Xom's mischief]
  1157 | D:1      | XOM: give mutation
  1157 | D:1      | Gained mutation: You possess an exceptional clarity of
                  | mind. [Xom's grace]
  1463 | D:1      | XOM: give mutations
  1463 | D:1      | Gained mutation: You have very sharp teeth. [Xom's
                  | mischief]
  1463 | D:1      | Gained mutation: You passively map a small area around you.
                  | [Xom's mischief]
  1463 | D:1      | Lost mutation: You possess an exceptional clarity of mind.
                  | [Xom's mischief]
  1933 | D:1      | XOM: give mutation
  1933 | D:1      | Gained mutation: You are robust. (+10% HP) [Xom's grace]
  2030 | D:1      | XOM: god gift: 744 gold pieces
  2272 | D:1      | XOM is BORED!
  2272 | D:1      | XOM: summons 3 hostile demons
  2296 | D:2      | XOM: give mutations
  2296 | D:2      | Gained mutation: Your muscles are strong. (Str +4, Int/Dex
                  | -1) [Xom's grace]
  2296 | D:2      | Gained mutation: You are agile. (Dex +4, Str/Int -1) [Xom's
                  | grace]
  2606 | D:2      | XOM: smoke on damage
  2680 | D:2      | XOM: divination: detect items
  3104 | D:2      | Noticed Terence
  3108 | D:2      | Terence changed into Terence the giant cockroach
  3108 | D:2      | Noticed Terence
  3108 | D:2      | XOM: polymorph Terence -> Terence the giant cockroach
  3111 | D:2      | Killed Terence the giant cockroach
  3176 | D:2      | Found a runed translucent door.
  3177 | D:2      | Noticed Crazy Yiuf
  3551 | D:3      | Reached XP level 5. HP: 37/45 MP: 0/0
  3551 | D:3      | Learned a level 2 spell: Lesser Beckoning
  3604 | D:3      | Identified the +0 ring mail "Zuupref" {Dex+3 Slay+2}
  3719 | D:3      | Found a transporter.
  3803 | D:3      | Found a transporter.
  3819 | D:3      | Noticed Jessica
  3820 | D:3      | XOM: scenery: 1 doors open
  3823 | D:3      | Killed Jessica
  3841 | D:3      | Noticed Sigmund
  3853 | D:3      | Killed Sigmund
  3854 | D:3      | Reached XP level 6. HP: 39/51 MP: 0/0
  3999 | D:3      | Noticed olddryhag's ghost (amateur CoAl)
  4145 | D:3      | XOM: noise
  4145 | D:3      | Noticed Natasha
  4151 | D:3      | Killed Natasha
  4731 | D:4      | XOM: cloud trail
  4791 | D:4      | Reached XP level 7. HP: 58/58 MP: 0/0
  4791 | D:4      | Learned a level 3 spell: Hailstorm
  5063 | D:5      | Entered Level 5 of the Dungeon
  5155 | D:5      | Noticed Edmund
  5156 | D:5      | Noticed Pikel
  5170 | D:5      | XOM: divination: detect creatures
  5176 | D:5      | XOM: divination: detect items
  5186 | D:5      | XOM: silly message
  5194 | D:4      | HP: 2/58 [lemure[Pikel] (7)]
  5199 | D:4      | XOM: enchant monster (good)
  5499 | D:4      | XOM: silly message
  5500 | D:4      | XOM: scenery: summon butterflies
  5662 | D:4      | Slain by a gnoll

Illustrated notes

Levels and vault maps discovered:
D:1:      minmay_arrival_semitransparent, layout_basic
D:2:      layout_basic, basic_altar, grunt_ministairs_15,
          uniq_crazy_yiuf_cottage, uniq_terence
D:3:      layout_basic, gammafunk_ghost_gnarly_gnolls, serial_park_tiny_pond,
          roderic_lattice_a, uniq_jessica, uniq_natasha, uniq_sigmund
D:4:      layout_cave_pools
D:5:      layout_basic, makhleb_blood_cavern_becter, marbit_many_paths,
          uniq_edmund, uniq_pikel

Skill      XL: |  1  2  3  4  5  6 |
---------------+-------------------+-----
Long Blades    | 3 4 |  4.2
Armour         | 2 3 |  3.5
Dodging        | 3 4 |  4.4
Fighting       | 4 |  4.6

Action                     |  1- 3 |  4- 6 |  7- 9 || total
---------------------------+-------+-------+-------++-------
  Melee: Falchion          |    35 |   124 |    54 ||   213
         Bite              |       |    12 |    13 ||    25
  Evoke: Wand              |       |       |     1 ||     1
    Use: Potion            |       |     1 |       ||     1
         Scroll            |       |       |     1 ||     1
   Stab: Sleeping          |     2 |     3 |       ||     5
         Petrified         |       |       |     3 ||     3
         Paralysed         |       |       |     2 ||     2
         Confused          |       |       |     1 ||     1
         Petrifying        |       |       |     1 ||     1
 Armour: Leather armour    |    19 |    92 |    44 ||   155
  Dodge: Dodged            |    19 |    94 |    45 ||   158

Table legend: (Time is in decaauts)
 A = Elapsed time spent in this place.
 B = Non-inter-level travel time spent in this place.
 C = Inter-level travel time spent in this place.
 D = Time resting spent in this place.
 E = Time spent auto-exploring this place.
 F = Levels seen in this place.
 G = Mean time per level.
                   A        B        C        D        E       F      G
               +--------+--------+--------+--------+--------+-----+--------+
         Total |   5679 |   5548 |    131 |   2251 |   2680 |   5 | 1135.8 |
       Dungeon |   5679 |   5548 |    131 |   2251 |   2680 |   5 | 1135.8 |
               +--------+--------+--------+--------+--------+-----+--------+

Top non-repeatable levels by time:
     D:1: 2258 daAuts
     D:2: 1264 daAuts
     D:4: 1031 daAuts
     D:3: 968 daAuts
     D:5: 157 daAuts
